 Dungeon Crawl Stone Soup version 0.27-a0-385-g3208abaabc (webtiles) character file.

Game seed: 6430470427653511741

3345 kae the Ruffian (level 9, -6/88 HPs)
             Began as a Green Draconian Transmuter on Feb 18, 2021.
             Was a Believer of Ru.
             Killed by the air
             ... invoked by Gastronok
              (29 damage)
             ... on level 8 of the Dungeon.
             The game lasted 00:06:05 (10363 turns).

kae the Ruffian (Green Draconian Transmuter)       Turns: 10363, Time: 00:06:06

Health: -6/88      AC: 10    Str: 16    XL:     9   Next: 72%
Magic:  14/16      EV: 11    Int: 14    God:    Ru [**....]
Gold:   404        SH:  0    Dex: 11    Spells: 9/17 levels left

rFire    x . .     SeeInvis .     - Unarmed
rCold    + + +     Faith    .   (shield currently unavailable)
rNeg     . . .     Spirit   .   (armour unavailable)
rPois    +         Reflect  .   (helmet currently unavailable)
rElec    .         Harm     .   (cloak currently unavailable)
rCorr    .         Rampage  .   (gloves currently unavailable)
Will     .....                  (boots currently unavailable)
Stlth    ..........             (no amulet)
HPRegen  0.24/turn              i - ring of poison resistance
MPRegen  0.15/turn              y - +4 ring of protection

@: ice-form, slowed, very slow
A: large, (breathe noxious fumes), unfitting armour, no stealth, hated by all,
AC +7
a: End Transformation, Renounce Religion


You were on level 8 of the Dungeon.
You worshipped Ru.
Ru was pleased with you.
You were a creature of crystalline ice.
You visited 2 branches of the dungeon, and saw 9 of its levels.

You collected 404 gold pieces.

Inventory:

Armour
 m - a +1 pair of gloves (melded)
 o - a +0 cloak (melded)
Jewellery
 i - a ring of poison resistance (left front paw)
 y - a +4 ring of protection (right front paw)
Wands
 b - a wand of mindburst (11)
 j - a wand of flame (13)
 k - a wand of polymorph (2)
 z - a wand of digging (2)
Scrolls
 a - 6 scrolls of teleportation
 c - a scroll of noise
 n - 2 scrolls of blinking
 p - a scroll of fear
 r - a scroll of identify
 w - a scroll of enchant armour
Potions
 d - a potion of brilliance
 e - a potion of haste
 f - 4 potions of curing
 g - 2 potions of cancellation
 h - a potion of magic
 l - 2 potions of attraction
 q - a potion of flight
 s - a potion of invisibility
 t - a potion of berserk rage {unknown}
 v - 2 potions of might {unknown}
 x - a potion of lignification {unknown}


   Skills:
 + Level 5.2 Fighting
 + Level 4.6 Dodging
 * Level 7.5 Unarmed Combat
 + Level 4.7 Spellcasting
 * Level 6.9 Transmutations
 - Level 5.0 Ice Magic
 - Level 2.4 Poison Magic


You had 9 spell levels left.
You knew the following spells:

 Your Spells              Type           Power        Failure   Level
a - Beastly Appendage     Tmut           44%          1%          1
b - Spider Form           Tmut/Pois      8%           8%          3
c - Ice Form              Ice/Tmut       20%          16%         4

Your spell library contained the following spells:

 Spells                   Type           Power        Failure   Level
 Wereblood                Tmut           22%          1%          2
 Freeze                   Ice            68%          2%          1
 Frozen Ramparts          Ice            34%          7%          3
 Ozocubu's Armour         Ice            17%          7%          3
 Magic Dart               Conj           12%          19%         1
 Blink                    Tloc           N/A          26%         2
 Slow                     Hex            3%           26%         2
 Blade Hands              Tmut           11%          28%         5
 Mephitic Cloud           Conj/Pois/Air  5%           36%         3
 Conjure Flame            Conj/Fire      3%           47%         3
 Hailstorm                Conj/Ice       10%          54%         4
 Summon Small Mammal      Summ           Unusable     N/A         1
 Call Imp                 Summ           Unusable     N/A         2
 Call Canine Familiar     Summ           Unusable     N/A         3
 Summon Guardian Golem    Hex/Summ       Unusable     N/A         3
 Summon Ice Beast         Ice/Summ       Unusable     N/A         4
 Summon Lightning Spire   Summ/Air       Unusable     N/A         4

Dungeon Overview and Level Annotations

Branches:
Dungeon (8/15)             Temple (1/1) D:4
   Lair: D:8-11

Altars:
Ashenzari
Dithmenos
Elyvilon
Fedhas
Gozag
Kikubaaqudgha
Makhleb
Nemelex Xobeh
Okawaru
Qazlal
Ru
Sif Muna
Trog
Uskayaw
Vehumet
Wu Jian
Xom
Yredelemnul
Zin
The Shining One
Lugonu

Shops:
D:4 *

Annotations:
D:8 Gastronok


Innate Abilities, Weirdness & Mutations

((You can breathe blasts of noxious fumes.))
((Your lurid green scales are hard. (AC +7)))
You cannot fit into any form of body armour.
((Your system is resistant to poisons. (rPois)))
((You are cold-blooded and may be slowed by cold attacks.))
You cannot be stealthy.
You are hated by all.


Message History

Casting: Ice Form (dangerous; 16% risk of failure)
Confirm with . or Enter, or press ? or * to list all spells.
You turn into a creature of crystalline ice.
Your +0 cloak melds into your body.
Your +1 pair of gloves melds into your body.
You punch Gastronok! You freeze Gastronok!
Gastronok is lightly wounded.
Gastronok begins to cast a spell, but is stunned by your conviction!
You pummel Gastronok!! You freeze Gastronok.
Gastronok is moderately wounded.
You punch Gastronok! You freeze Gastronok.
Gastronok is moderately wounded.
Gastronok bites you!!!
You are too injured to fight recklessly!
You are too injured to fight recklessly!
You are too injured to fight recklessly!
You are too injured to fight recklessly!
You are too injured to fight recklessly!
You hit Gastronok. You freeze Gastronok.
Gastronok is heavily wounded.
Gastronok is buffeted by a sudden breeze.
Gastronok looks at you while chanting.
You barely resist. You pummel Gastronok!! You freeze Gastronok.
Gastronok is heavily wounded.
You punch Gastronok! You freeze Gastronok.
Gastronok is severely wounded.
Gastronok bites you!!
* * * LOW HITPOINT WARNING * * *
You hit Gastronok. You freeze Gastronok.
Gastronok is severely wounded.
Gastronok bites you.
* * * LOW HITPOINT WARNING * * *
You punch Gastronok! You freeze Gastronok.
Gastronok is severely wounded.
You punch Gastronok! You freeze Gastronok.
Gastronok is almost dead.
Gastronok waves his eye-stalks in wide circles.
The air twists around and strikes you!!
You die...

##.......#
##.....## #...
##...## #...
##'#### #... #.#..
..# #.#.# ...
##.#.# #.#
..##....######w#
#.............##Y#
#...##....###.##.#
###
##.#........#.#
#.#####......# #.#
######## #.# #.#


You could see Gastronok.

Vanquished Creatures
  A two-headed ogre (D:7)
  Psyche (D:8)
  Prince Ribbit (D:7)
  Sigmund (D:2)
  A wyvern (D:8)
  5 ogres
  A centaur (D:5)
  3 bullfrogs (D:7)
  A gnoll sergeant (D:7)
  A wyvern zombie (D:7)
  2 scorpions
  2 howler monkeys
  5 wights (D:8)
  2 crimson imps
  3 hounds
  A jelly (D:5)
  2 centaur skeletons
  2 orc priests (D:5)
  A worker ant (D:4)
  2 bullfrog skeletons
  3 iguanas
  An orc wizard (D:3)
  A hound skeleton (D:4)
  10 adders
  4 gnolls
  3 shadow imps (D:7)
  2 white imps
  An ufetubus (D:6)
  An adder zombie (D:7)
  2 worms
  4 adder skeletons
  A dart slug (D:2)
  3 leopard geckos
  10 orcs
  8 giant cockroaches
  9 goblins
  5 hobgoblins
  11 jackals
  6 quokkas
  6 ball pythons
  6 bats
  2 frilled lizards
  9 kobolds
  A leopard gecko zombie (D:8)
  A quokka skeleton (D:5)
  5 rats
153 creatures vanquished.

Notes
Turn   | Place    | Note
-------+----------+-------------------------------------------
     0 | D:1      | kae the Draconian Transmuter began the quest for the Orb.
     0 | D:1      | Reached XP level 1. HP: 16/16 MP: 3/3
   144 | D:1      | Found a broken altar of Ashenzari.
   151 | D:1      | Reached XP level 2. HP: 19/23 MP: 3/5
   985 | D:2      | Reached XP level 3. HP: 20/28 MP: 4/6
  1512 | D:2      | Reached XP level 4. HP: 13/36 MP: 5/7
  1881 | D:2      | Found an opulent altar of Gozag.
  2085 | D:2      | Noticed Sigmund
  2211 | D:2      | Learned a level 3 spell: Spider Form
  2650 | D:3      | Reached skill level 4 in Unarmed Combat
  2905 | D:3      | Reached XP level 5. HP: 41/41 MP: 6/8
  2946 | D:3      | Reached skill level 1 in Poison Magic
  2947 | D:3      | HP: 2/41 [orc/+0 trident (5)]
  3399 | D:3      | Found a glowing silver altar of Zin.
  3723 | D:2      | Killed Sigmund
  3724 | D:2      | Reached XP level 6. HP: 36/50 MP: 6/10
  3928 | D:2      | Found an opulent altar of Gozag.
  4481 | D:4      | Found a staircase to the Ecumenical Temple.
  4573 | Temple   | Entered the Ecumenical Temple
  4606 | Temple   | Became a worshipper of Ru the Awakened
  4753 | D:4      | Learned a level 4 spell: Ice Form
  4970 | D:4      | Found Zias's Elemental Accessories.
  5029 | D:4      | Your scales start taking on a lurid green colour.
  5029 | D:4      | Reached XP level 7. HP: 49/56 MP: 9/11
  5029 | D:4      | Gained mutation: Your system is resistant to poisons.
                  | (rPois) [Green Draconian growth]
  5226 | D:5      | Entered Level 5 of the Dungeon
  5600 | D:5      | Found an ancient bone altar of Kikubaaqudgha.
  5786 | D:5      | Reached skill level 5 in Unarmed Combat
  5786 | D:5      | Reached skill level 1 in Ice Magic
  6481 | D:5      | Gained mutation: You cannot be stealthy. [Ru sacrifice]
  6784 | D:5      | Reached XP level 8. HP: 38/63 MP: 11/13
  7406 | D:6      | Found an iron altar of Okawaru.
  7498 | D:6      | Found a shimmering altar of Xom.
  7769 | D:6      | Found a burning altar of Makhleb.
  7896 | D:6      | Found a stormy altar of Qazlal.
  7901 | D:6      | Noticed an air elemental
  8132 | D:6      | Found an ornate altar of the Wu Jian Council.
  8254 | D:7      | Reached skill level 5 in Transmutations
  8604 | D:7      | Found a glowing golden altar of the Shining One.
  8906 | D:7      | Reached skill level 6 in Unarmed Combat
  8942 | D:7      | Found an opulent altar of Gozag.
  8962 | D:7      | Noticed Prince Ribbit
  8973 | D:7      | Killed Prince Ribbit
  9107 | D:7      | Noticed a two-headed ogre
  9140 | D:7      | Killed a two-headed ogre
  9141 | D:7      | Reached XP level 9. HP: 24/72 MP: 11/15
  9446 | D:7      | Gained mutation: You are hated by all. [Ru sacrifice]
  9446 | D:7      | Reached * piety under Ru
  9446 | D:7      | Reached ** piety under Ru
  9506 | D:7      | Found a blossoming altar of Fedhas.
  9595 | D:7      | Found a shadowy altar of Dithmenos.
  9905 | D:8      | Reached skill level 7 in Unarmed Combat
  9919 | D:8      | Reached skill level 5 in Ice Magic
 10059 | D:8      | Noticed Psyche
 10069 | D:8      | Killed Psyche
 10070 | D:8      | Reached skill level 5 in Fighting
 10350 | D:8      | Noticed Gastronok
 10363 | D:8      | Killed from afar by Gastronok

Illustrated notes

Levels and vault maps discovered:
D:1:      dpeg_arrival_simpleton_b, layout_basic, evilmike_ruin_ashenzari
D:2:      layout_loops_cross, lemuel_crystal_altar, minmay_pentomino_p2,
          uniq_sigmund
D:3:      layout_rooms, lemuel_round_altar
D:4:      layout_cave_pools, temple_pool_b, grunt_decor_cap,
          nicolae_elemental_shop
D:5:      layout_loops_corners, general_overflow_altar, minmay_fire_ice_demons
D:6:      layout_loops_ring, nicolae_overflow_hidden_temple, lemuel_round_altar,
          makhleb_grotto_becter, nicolae_qazlal_style_of_elements,
          minmay_door_square, okawaru_trees_1
D:7:      layout_rooms, old_standard_altar, lemuel_crystal_altar,
          lemuel_round_altar, nicolae_gozag_cash_rules_everything_around_me,
          uniq_prince_ribbit1
D:8:      layout_loops_corners, mumra_transporter_accident, uniq_psyche,
          uniq_harold, uniq_gastronok
Temple:   corrupted_temple

Skill      XL: |  1  2  3  4  5  6  7  8  9 |
---------------+----------------------------+-----
Dodging        | 2 3 4 |  4.6
Fighting       | 2 3 4 5 |  5.2
Transmutations | 3 4 6 |  6.9
Unarmed Combat | 4 5 6 7 |  7.5
Poison Magic   | 2 |  2.4
Spellcasting   | 3 4 |  4.7
Ice Magic      | 2 4 5 |  5.0

Action                   |  1- 3 |  4- 6 |  7- 9 || total
-------------------------+-------+-------+-------++-------
Melee: Unarmed           |    71 |   186 |   291 ||   548
       Kick              |     9 |    20 |     5 ||    34
       Headbutt          |     7 |    12 |     2 ||    21
       Tailslap          |     6 |    18 |    12 ||    36
       Punch             |     1 |     3 |     1 ||     5
 Cast: Beastly Appendage |    19 |    32 |     6 ||    57
       Spider Form       |       |     3 |    28 ||    31
       Ice Form          |       |       |     5 ||     5
Invok: Sacrifice Stealth |       |       |     1 ||     1
       Sacrifice Love    |       |       |     1 ||     1
 Abil: Breathe Noxious F |       |       |     2 ||     2
  Use: Scroll            |       |     5 |     9 ||    14
       Potion            |       |     5 |       ||     5
 Stab: Sleeping          |     1 |       |       ||     1
       Distracted        |       |       |     1 ||     1
       Confused          |       |       |     1 ||     1
       Invisible         |       |       |     1 ||     1
Armor: Skin              |    30 |    55 |    59 ||   144
Dodge: Dodged            |    45 |   116 |   203 ||   364

Table legend: (Time is in decaauts)
 A = Elapsed time spent in this place.
 B = Non-inter-level travel time spent in this place.
 C = Inter-level travel time spent in this place.
 D = Time resting spent in this place.
 E = Time spent auto-exploring this place.
 F = Levels seen in this place.
 G = Mean time per level.
                   A        B        C        D        E       F      G
               +--------+--------+--------+--------+--------+-----+--------+
         Total |  10305 |  10010 |    295 |    772 |   7967 |   9 | 1145.0 |
       Dungeon |  10253 |   9975 |    278 |    772 |   7939 |   8 | 1281.6 |
        Temple |     51 |     34 |     17 |      0 |     28 |   1 |   51.0 |
               +--------+--------+--------+--------+--------+-----+--------+

Top non-repeatable levels by time:
     D:2: 2503 daAuts
     D:5: 1869 daAuts
     D:6: 1376 daAuts
     D:7: 1257 daAuts
     D:3: 1045 daAuts
     D:1: 896 daAuts
     D:4: 695 daAuts
     D:8: 610 daAuts
  Temple: 51 daAuts
